Workbook
Name ttt: 'Vocab 1'!$B$2

Sheet Vocab 1
B3: ooo...WORD BOOK…ooo
B7: STT | C7: WORD | D7: TYPE | E7: PRONOUNCE | F7: MEANING | G7: MEMORIZING
B9: 1 | C9: hello | D9: =VLOOKUP(C$9,data!$B$3:$E$3399, 2, TRUE) -> exclamation, n | E9: =VLOOKUP(C$9,data!$B$3:$E$3399, 3, TRUE) -> hз'lou | F9: =VLOOKUP(C$9,data!$B$3:$E$3399,4, TRUE) -> chào, xin chào; lời chào
C11: =VLOOKUP(C$9,data!$B$3:$F$3399,5, TRUE)
B13: 2 | C13: Red | D13: =VLOOKUP(C$13,data!$B$3:$E$3399, 2, TRUE) -> adj, n | E13: =VLOOKUP(C$13,data!$B$3:$E$3399, 3, TRUE) -> red | F13: =VLOOKUP(C$13,data!$B$3:$E$3399,4, TRUE) -> đỏ; màu đỏ
C15: =VLOOKUP(C$13,data!$B$3:$F$3399,5, TRUE)
B17: 3 | C17: Yellow | D17: =VLOOKUP(C$17,data!$B$3:$E$3399, 2, TRUE) -> adj, n | E17: =VLOOKUP(C$17,data!$B$3:$E$3399, 3, TRUE) -> jelou | F17: =VLOOKUP(C$17,data!$B$3:$E$3399,4, TRUE) -> vàng; màu vàng
B21: 4 | C21: White | D21: =VLOOKUP(C$21,data!$B$3:$E$3399, 2, TRUE) -> adj, n | E21: =VLOOKUP(C$21,data!$B$3:$E$3399, 3, TRUE) -> wai:t | F21: =VLOOKUP(C$21,data!$B$3:$E$3399,4, TRUE) -> trắng; màu trắng
B25: 5 | C25: Black | D25: =VLOOKUP(C$25,data!$B$3:$E$3399, 2, TRUE) -> adj, n | E25: =VLOOKUP(C$25,data!$B$3:$E$3399, 3, TRUE) -> blæk | F25: =VLOOKUP(C$25,data!$B$3:$E$3399,4, TRUE) -> đen; màu đen
B29: 6 | C29: Pink | D29: =VLOOKUP(C$29,data!$B$3:$E$3399, 2, TRUE) -> adj, n | E29: =VLOOKUP(C$29,data!$B$3:$E$3399, 3, TRUE) -> piηk | F29: =VLOOKUP(C$29,data!$B$3:$E$3399,4, TRUE) -> màu hồng; hoa cẩm chướng, tình trạng tốt, hoàn hảo
B33: 7 | C33: hi | D33: =VLOOKUP(C$33,data!$B$3:$E$3399, 2, TRUE) -> exclamation | E33: =VLOOKUP(C$33,data!$B$3:$E$3399, 3, TRUE) -> hai | F33: =VLOOKUP(C$33,data!$B$3:$E$3399,4, TRUE) -> xin chào
B37: 8 | C37: learn | D37: =VLOOKUP(C$37,data!$B$3:$E$3399, 2, TRUE) -> v | E37: =VLOOKUP(C$37,data!$B$3:$E$3399, 3, TRUE) -> lə:n | F37: =VLOOKUP(C$37,data!$B$3:$E$3399,4, TRUE) -> học, nghiên cứu
B41: 9 | C41: up | D41: =VLOOKUP(C$41,data!$B$3:$E$3399, 2, TRUE) -> adv, prep | E41: =VLOOKUP(C$41,data!$B$3:$E$3399, 3, TRUE) -> Λp | F41: =VLOOKUP(C$41,data!$B$3:$E$3399,4, TRUE) -> ở trên, lên trên, lên
B45: 10 | C45: down | D45: =VLOOKUP(C$45,data!$B$3:$E$3399, 2, TRUE) -> adv, prep | E45: =VLOOKUP(C$45,data!$B$3:$E$3399, 3, TRUE) -> daun | F45: =VLOOKUP(C$45,data!$B$3:$E$3399,4, TRUE) -> xuống
B55: WORD BOOK
B59: STT | C59: WORD | D59: TYPE | E59: PRONOUNCE | F59: MEANING | G59: MEMORIZING
B61: 1 | C61: abandon | D61: =VLOOKUP(C$61,data!$B$3:$E$3399, 2, TRUE) -> v | E61: =VLOOKUP(C$61,data!$B$3:$E$3399, 3, TRUE) -> ə'bændən | F61: =VLOOKUP(C$61,data!$B$3:$E$3399,4, TRUE) -> bỏ, từ bỏ
C63: =VLOOKUP(C$61,data!$B$3:$F$3399,5, TRUE) -> Lũ trẻ đang làm sơn bắn tung toé một cách vô tội vạ. The kids are splashing on paint with abandon.
B65: 2 | C65: very | D65: =VLOOKUP(C$65,data!$B$3:$E$3399, 2, TRUE) -> adv | E65: =VLOOKUP(C$65,data!$B$3:$E$3399, 3, TRUE) -> veri | F65: =VLOOKUP(C$65,data!$B$3:$E$3399,4, TRUE) -> rất, lắm
C67: =VLOOKUP(C$65,data!$B$3:$F$3399,5, TRUE) -> I 'm verry hungry - tôi đang rất đói
B69: 3 | C69: cat | D69: =VLOOKUP(C$69,data!$B$3:$E$3399, 2, TRUE) -> n | E69: =VLOOKUP(C$69,data!$B$3:$E$3399, 3, TRUE) -> kæt | F69: =VLOOKUP(C$69,data!$B$3:$E$3399,4, TRUE) -> con mèo
B73: 4 | C73: start | D73: =VLOOKUP(C$73,data!$B$3:$E$3399, 2, TRUE) -> v, n | E73: =VLOOKUP(C$73,data!$B$3:$E$3399, 3, TRUE) -> steə(r) | F73: =VLOOKUP(C$73,data!$B$3:$E$3399,4, TRUE) -> nhìm chằm chằm; sự nhìn chằm chằm
B77: 5 | C77: very | D77: =VLOOKUP(C$77,data!$B$3:$E$3399, 2, TRUE) -> adv | E77: =VLOOKUP(C$77,data!$B$3:$E$3399, 3, TRUE) -> veri | F77: =VLOOKUP(C$77,data!$B$3:$E$3399,4, TRUE) -> rất, lắm
B81: 6 | C81: Hotel | D81: =VLOOKUP(C$81,data!$B$3:$E$3399, 2, TRUE) -> n | E81: =VLOOKUP(C$81,data!$B$3:$E$3399, 3, TRUE) -> hou´tel | F81: =VLOOKUP(C$81,data!$B$3:$E$3399,4, TRUE) -> khách sạn
B85: 7 | C85: hi | D85: =VLOOKUP(C$85,data!$B$3:$E$3399, 2, TRUE) -> exclamation | E85: =VLOOKUP(C$85,data!$B$3:$E$3399, 3, TRUE) -> hai | F85: =VLOOKUP(C$85,data!$B$3:$E$3399,4, TRUE) -> xin chào
B89: 8 | C89: learn | D89: =VLOOKUP(C$89,data!$B$3:$E$3399, 2, TRUE) -> v | E89: =VLOOKUP(C$89,data!$B$3:$E$3399, 3, TRUE) -> lə:n | F89: =VLOOKUP(C$89,data!$B$3:$E$3399,4, TRUE) -> học, nghiên cứu
B93: 9 | C93: up | D93: =VLOOKUP(C$93,data!$B$3:$E$3399, 2, TRUE) -> adv, prep | E93: =VLOOKUP(C$93,data!$B$3:$E$3399, 3, TRUE) -> Λp | F93: =VLOOKUP(C$93,data!$B$3:$E$3399,4, TRUE) -> ở trên, lên trên, lên
B97: 10 | C97: down | D97: =VLOOKUP(C$97,data!$B$3:$E$3399, 2, TRUE) -> adv, prep | E97: =VLOOKUP(C$97,data!$B$3:$E$3399, 3, TRUE) -> daun | F97: =VLOOKUP(C$97,data!$B$3:$E$3399,4, TRUE) -> xuống

Sheet Vocab 2
B3: WORD BOOK
B7: STT | C7: WORD | D7: TYPE | E7: PRONOUNCE | F7: MEANING | G7: MEMORIZING
B9: 1 | C9: very | D9: =VLOOKUP(C$9,data!$B$3:$E$3399, 2, TRUE) -> adv | E9: =VLOOKUP(C$9,data!$B$3:$E$3399, 3, TRUE) -> veri | F9: =VLOOKUP(C$9,data!$B$3:$E$3399,4, TRUE) -> rất, lắm
B13: 2 | C13: hello | D13: =VLOOKUP(C$13,data!$B$3:$E$3399, 2, TRUE) -> exclamation, n | E13: =VLOOKUP(C$13,data!$B$3:$E$3399, 3, TRUE) -> hз'lou | F13: =VLOOKUP(C$13,data!$B$3:$E$3399,4, TRUE) -> chào, xin chào; lời chào
B17: 3 | C17: cat | D17: =VLOOKUP(C$17,data!$B$3:$E$3399, 2, TRUE) -> n | E17: =VLOOKUP(C$17,data!$B$3:$E$3399, 3, TRUE) -> kæt | F17: =VLOOKUP(C$17,data!$B$3:$E$3399,4, TRUE) -> con mèo
B21: 4 | C21: very | D21: =VLOOKUP(C$21,data!$B$3:$E$3399, 2, TRUE) -> adv | E21: =VLOOKUP(C$21,data!$B$3:$E$3399, 3, TRUE) -> veri | F21: =VLOOKUP(C$21,data!$B$3:$E$3399,4, TRUE) -> rất, lắm
B25: 5 | C25: very | D25: =VLOOKUP(C$25,data!$B$3:$E$3399, 2, TRUE) -> adv | E25: =VLOOKUP(C$25,data!$B$3:$E$3399, 3, TRUE) -> veri | F25: =VLOOKUP(C$25,data!$B$3:$E$3399,4, TRUE) -> rất, lắm
B29: 6 | C29: Hotel | D29: =VLOOKUP(C$29,data!$B$3:$E$3399, 2, TRUE) -> n | E29: =VLOOKUP(C$29,data!$B$3:$E$3399, 3, TRUE) -> hou´tel | F29: =VLOOKUP(C$29,data!$B$3:$E$3399,4, TRUE) -> khách sạn
B33: 7 | C33: hi | D33: =VLOOKUP(C$33,data!$B$3:$E$3399, 2, TRUE) -> exclamation | E33: =VLOOKUP(C$33,data!$B$3:$E$3399, 3, TRUE) -> hai | F33: =VLOOKUP(C$33,data!$B$3:$E$3399,4, TRUE) -> xin chào
B37: 8 | C37: very | D37: =VLOOKUP(C$37,data!$B$3:$E$3399, 2, TRUE) -> adv | E37: =VLOOKUP(C$37,data!$B$3:$E$3399, 3, TRUE) -> veri | F37: =VLOOKUP(C$37,data!$B$3:$E$3399,4, TRUE) -> rất, lắm
B41: 9 | C41: Test | D41: =VLOOKUP(C$41,data!$B$3:$E$3399, 2, TRUE) -> n, v | E41: =VLOOKUP(C$41,data!$B$3:$E$3399, 3, TRUE) -> test | F41: =VLOOKUP(C$41,data!$B$3:$E$3399,4, TRUE) -> bài kiểm tra, sự thử nghiệm, xét nghiệm; kiểm tra, xét nghiệm, thử nghiệm
B45: 10 | C45: very | D45: =VLOOKUP(C$45,data!$B$3:$E$3399, 2, TRUE) -> adv | E45: =VLOOKUP(C$45,data!$B$3:$E$3399, 3, TRUE) -> veri | F45: =VLOOKUP(C$45,data!$B$3:$E$3399,4, TRUE) -> rất, lắm

Sheet data
A2: No. | B2: Word | C2: Type | D2: Pronounce | E2: Meaning | F2: Example
A3: 1 | B3: A | E3: nhỏ, một ít | F3: Test test
A4: 2 | B4: Abandon | C4: v | D4: ə'bændən | E4: bỏ, từ bỏ | F4: Lũ trẻ đang làm sơn bắn tung toé một cách vô tội vạ. The kids are splashing on paint with abandon.
A5: 3 | B5: Abandoned | C5: adj | D5: ə'bændənd | E5: bị bỏ rơi, bị ruồng bỏ
A6: 4 | B6: Ability | C6: n | D6: ə'biliti | E6: khả năng, năng lực
A7: 5 | B7: Able | C7: adj | D7: eibl | E7: có năng lực, có tài
A8: 6 | B8: About | C8: adv, prep | D8: ə'baut | E8: khoảng, về
A9: 7 | B9: Above | C9: prep, adv | D9: ə'bʌv | E9: ở trên, lên trên
A10: 8 | B10: Abroad | C10: adv | D10: ə'brɔ:d | E10: ở, ra nước ngoài, ngoài trời
A11: 9 | B11: Absence | C11: n | D11: æbsəns | E11: sự vắng mặt
A12: 10 | B12: Absent | C12: adj | D12: æbsənt | E12: vắng mặt, nghỉ
A13: 11 | B13: Absolute | C13: adj | D13: æbsəlu:t | E13: tuyệt đối, hoàn toàn
A14: 12 | B14: Absolutely | C14: adv | D14: æbsəlu:tli | E14: tuyệt đối, hoàn toàn
A15: 13 | B15: Absorb | C15: v | D15: əb'sɔ:b | E15: thu hút, hấp thu, lôi cuốn
A16: 14 | B16: Abuse | C16: n, v | D16: ə'bju:s | E16: lộng hành, lạm dụng
... A65: 63 | B65: Advertisement | C65: n | D65: əd'və:tismənt | E65: quảng cáo
A66: 64 | B66: Advertising | C66: n | E66: sự quảng cáo, nghề quảng cáo
A67: 65 | B67: Advice | C67: n | D67: əd'vais | E67: lời khuyên, lời chỉ bảo
A68: 66 | B68: Advise | C68: v | D68: əd'vaiz | E68: khuyên, khuyên bảo, răn bảo
A69: 67 | B69: Affair | C69: n | D69: ə'feə | E69: việc
A70: 68 | B70: Affect | C70: v | D70: ə'fekt | E70: làm ảnh hưởng, tác động đến
A71: 69 | B71: Affection | C71: n | D71: ə'fekʃn | E71: tình cảm, sự yêu mến
A72: 70 | B72: Afford | C72: v | D72: ə'fɔ:d | E72: có thể, có đủ khả năng, điều kiện (làm gì)
A73: 71 | B73: Afraid | C73: adj | D73: ə'freid | E73: sợ, sợ hãi, hoảng sợ
A74: 72 | B74: After | C74: prep, conj, adv | D74: ɑ:ftə | E74: sau, đằng sau, sau khi
A75: 73 | B75: Afternoon | C75: n | D75: ɑ:ftə'nu:n | E75: buổi chiều
A76: 74 | B76: Afterwards | C76: adv | D76: ɑ:ftəwəd | E76: sau này, về sau, rồi thì, sau đây
A77: 75 | B77: Again | C77: adv | D77: ə'gen | E77: lại, nữa, lần nữa
A78: 76 | B78: Against | C78: prep | D78: ə'geinst | E78: chống lại, phản đối
... A91: 89 | B91: Aircraft | C91: n | D91: eəkrɑ:ft | E91: máy bay, khí cầu
A92: 90 | B92: Airport | C92: n | D92: sân bay, phi trường
A93: 91 | B93: Alarm | C93: n, v | D93: ə'lɑ:m | E93: báo động, báo nguy
A94: 92 | B94: Alarmed | C94: adj | D94: ə'lɑ:m | E94: báo động
A95: 93 | B95: Alarming | C95: adj | D95: ə'lɑ:miɳ | E95: làm lo sợ, làm hốt hoảng, làm sợ hãi
A96: 94 | B96: Alcohol | C96: n | D96: ælkəhɔl | E96: rượu cồn
A97: 95 | B97: Alcoholic | C97: adj, n | D97: ,ælkə'hɔlik | E97: rượu; người nghiện rượu
A98: 96 | B98: Alive | C98: adj | D98: ə'laiv | E98: sống, vẫn còn sống, còn tồn tại
A99: 97 | B99: All | C99: pron, adv | D99: ɔ:l | E99: tất cả
A100: 98 | B100: All Right | C100: adj, adv, exclamation | D100: ɔ:l'rait | E100: tốt, ổn, khỏe mạnh; được
A101: 99 | B101: Allied | C101: adj | D101: ə'laid | E101: liên minh, đồng minh, thông gia
A102: 100 | B102: Allow | C102: v | D102: ə'lau | E102: cho phép, để cho
A103: 101 | B103: Ally | C103: n, v | D103: æli | E103: nước đồng minh, liên minh; liên kết, kết thông gia
A104: 102 | B104: Almost | C104: adv | D104: ɔ:lmoust | E104: hầu như, gần như
... A115: 113 | B115: Alternative | C115: n, adj | D115: ɔ:l'tə:nətiv | E115: sự lựa chọn; lựa chọn
A116: 114 | B116: Alternatively | C116: adv | D116: như một sự lựa chọn
A117: 115 | B117: Although | C117: conj | D117: ɔ:l'ðou | E117: mặc dù, dẫu cho
A118: 116 | B118: Altogether | C118: adv | D118: ,ɔ:ltə'geðə | E118: hoàn toàn, hầu như; nói chung
A119: 117 | B119: Always | C119: adv | D119: ɔ:lwəz | E119: luôn luôn
A120: 118 | B120: Amaze | C120: v | D120: ə'meiz | E120: làm ngạc nhiên, làm sửng sốt
A121: 119 | B121: Amazed | C121: adj | D121: ə'meiz | E121: kinh ngạc, sửng sốt
A122: 120 | B122: Amazing | C122: adj | D122: ə'meiziɳ | E122: kinh ngạc, sửng sốt
A123: 121 | B123: Ambition | C123: n | D123: æm'biʃn | E123: hoài bão, khát vọng
A124: 122 | B124: Ambulance | C124: n | D124: æmbjuləns | E124: xe cứu thương, xe cấp cứu
A125: 123 | B125: Among, Amongst | C125: prep | D125: ə'mʌɳ | E125: giữa, ở giữa
A126: 124 | B126: Amount | C126: n, v | D126: ə'maunt | E126: số lượng, số nhiều; lên tới (money)
A127: 125 | B127: Amuse | C127: v | D127: ə'mju:z | E127: làm cho vui, thích, làm buồn cười
A128: 126 | B128: Amused | C128: adj | D128: ə'mju:zd | E128: vui thích
... A148: 146 | B148: Answer | C148: n, v | D148: ɑ:nsə | E148: sự trả lời; trả lời
A149: 147 | B149: Anti | C149: prefix | D149: chống lại
A150: 148 | B150: Anticipate | C150: v | D150: æn'tisipeit | E150: thấy trước, chặn trước, lường trước
A151: 149 | B151: Anxiety | C151: n | D151: æɳ'zaiəti | E151: mối lo âu, sự lo lắng
A152: 150 | B152: Anxious | C152: adj | D152: æɳkʃəs | E152: lo âu, lo lắng, băn khoăn
A153: 151 | B153: Anxiously | C153: adv | D153: æɳkʃəsli | E153: lo âu, lo lắng, băn khoăn
A154: 152 | B154: Any | C154: detpron, adv | E154: một người, vật nào đó; bất cứ; một chút nào, tí nào
A155: 153 | B155: Anyone (Anybod) | C155: pron | D155: eniwʌn | E155: người nào, bất cứ ai
A156: 154 | B156: Anything | C156: pron | D156: eniθiɳ | E156: việc gì, vật gì; bất cứ việc gì, vật gì
A157: 155 | B157: Anyway | C157: adv | D157: eniwei | E157: thế nào cũng được, dù sấo chăng nữa
A158: 156 | B158: Anywhere | C158: adv | D158: eniweə | E158: bất cứ chỗ nào, bất cứ nơi đâu
A159: 157 | B159: Apart | C159: adv | D159: ə'pɑ:t | E159: về một bên, qua một bên
A160: 158 | B160: Apart From | C160: prep | D160: ə'pɑ:t | E160: ngoài… ra
A161: 159 | B161: Apart From, Aside From | C161: prep | D161: ngoài ra
A162: 160 | B162: Apartment | C162: n | D162: ə'pɑ:tmənt | E162: căn phòng, căn buồng
A163: 161 | B163: Apologize | C163: v | D163: ə'pɔlədʤaiz | E163: xin lỗi, tạ lỗi
A164: 162 | B164: Apparent | C164: adj | D164: ə'pærənt | E164: rõ ràng, rành mạch; bề ngoài, có vẻ
A165: 163 | B165: Apparently | C165: adv | D165: nhìn bên ngoài, hình như
A166: 164 | B166: Appeal | C166: n, v | D166: ə'pi:l | E166: sự kêu gọi, lời kêu gọi; kêu gọi, cầu khẩn
A167: 165 | B167: Appear | C167: v | D167: ə'piə | E167: xuất hiện, hiện ra, trình diện
A168: 166 | B168: Appearance | C168: n | D168: ə'piərəns | E168: sự xuất hiện, sự trình diện
A169: 167 | B169: Apple | C169: n | D169: æpl | E169: quả táo
A170: 168 | B170: Application | C170: n | D170: ,æpli'keiʃn | E170: sự gắn vào, vật gắn vào; sự chuyên cần, chuyên tâm
A171: 169 | B171: Apply | C171: v | D171: ə'plai | E171: gắn vào, ghép vào, áp dụng vào
A172: 170 | B172: Appoint | C172: v | D172: ə'pɔint | E172: bổ nhiệm, chỉ định, chọn
A173: 171 | B173: Appointment | C173: n | D173: ə'pɔintmənt | E173: sự bổ nhiệm, người được bổ nhiệm
A174: 172 | B174: Appreciate | C174: v | D174: ə'pri:ʃieit | E174: thấy rõ; nhận thức
A175: 173 | B175: Approach | C175: v, n | D175: ə'proutʃ | E175: đến gần, lại gần; sự đến gần, sự lại gần
A176: 174 | B176: Appropriate (To, For) | C176: adj | D176: ə'proupriit | E176: thích hợp, thích đáng
A177: 175 | B177: Approval | C177: n | D177: ə'pru:vəl | E177: sự tán thành, đồng ý, sự chấp thuận
... A188: 186 | B188: Armed | C188: adj | D188: ɑ:md | E188: vũ trang
A189: 187 | B189: Arms | C189: n | D189: vũ khí, binh giới, binh khí
A190: 188 | B190: Army | C190: n | D190: ɑ:mi | E190: quân đội
A191: 189 | B191: Around | C191: adv, prep | D191: ə'raund | E191: xung quanh, vòng quanh
A192: 190 | B192: Arrange | C192: v | D192: ə'reindʤ | E192: sắp xếp, sắp đặt, sửa soạn
A193: 191 | B193: Arrangement | C193: n | D193: ə'reindʤmənt | E193: sự sắp xếp, sắp đặt, sự sửa soạn
A194: 192 | B194: Arrest | C194: v, n | D194: ə'rest | E194: bắt giữ, sự bắt giữ
A195: 193 | B195: Arrival | C195: n | D195: ə'raivəl | E195: sự đến, sự tới nơi
A196: 194 | B196: Arrive (At, In) | C196: v | D196: ə'raiv | E196: đến, tới nơi
A197: 195 | B197: Arrow | C197: n | D197: ærou | E197: tên, mũi tên
A198: 196 | B198: Art | C198: n | D198: ɑ:t | E198: nghệ thuật, mỹ thuật
A199: 197 | B199: Article | C199: n | D199: ɑ:tikl | E199: bài báo, đề mục
A200: 198 | B200: Artificial | C200: adj | D200: ,ɑ:ti'fiʃəl | E200: nhân tạo
...
